 Dungeon Crawl Stone Soup version 0.31-a0-844-gdc52ec4e09 (webtiles) character file.

Game seed: 12727940871712297628

189234 Joey1 the Hoplite (level 17, -11/156 (163) HPs)
             Began as a Minotaur Berserker on Sept 28, 2023.
             Was the Champion of Trog.
             Mangled by a wolf spider (23 damage)
             ... led by a jorogumo
             ... on level 3 of the Lair of Beasts.
             The game lasted 01:04:58 (29965 turns).

Joey1 the Hoplite (Minotaur Berserker)             Turns: 29965, Time: 01:04:59

HP:   -11/156 (163) AC: 21    Str: 38      XL:     17   Next: 50%
MP:   16/16         EV: 10    Int:  2 (3)  God:    Trog [******]
Gold: 2300          SH: 25    Dex: 10 (11) Spells: 16/16 levels left

rFire   . . .        n - +5 broad axe (flame)
rCold   + . .        b - +3 tower shield {rC+}
rNeg    . . .        i - +3 plate armour {Will+}
rPois   +            T - +1 hat
rElec   .            c - +0 cloak {rPois}
rCorr   .            g - +0 pair of gloves
SInv    .            r - +0 pair of boots {Fly}
Will    +++..        O - amulet of faith Stlth
                     W - ring of willpower
HPRegen 0.46/turn    Q - +6 ring of strength
MPRegen 0.15/turn

%: faith
@: on berserk cooldown, flying, slowed, studying Throwing, lightly drained, very
slow
A: horns 2, retaliatory headbutt, strong 1
}: 1/15 runes: decaying
a: Renounce Religion, Berserk, Trog's Hand, Brothers in Arms


You were on level 3 of the Lair of Beasts.
You worshipped Trog.
Trog was exalted by your worship.
You visited 5 branches of the dungeon, and saw 27 of its levels.
You visited 1 bazaar.
You also visited: Ice Cave.

You collected 2574 gold pieces.
You spent 274 gold pieces at shops.

Inventory:

Hand Weapons
 n - a +5 broad axe of flaming (weapon)
 A - the +6 shillelagh "Devastator" {shatter}
   (You found it on level 4 of the Dungeon)
Missiles
 f - 6 silver javelins
 w - 2 throwing nets
Armour
 b - a +3 tower shield of cold resistance (worn)
 c - a +0 cloak of poison resistance (worn)
 g - a +0 pair of gloves (worn)
 i - a +3 plate armour of willpower (worn)
 r - a +0 pair of boots of flying (worn)
 C - the +6 scale mail "Oseequn" {Regen+}
   (You found it on level 4 of the Dungeon)

   Regen+:    It increases your rate of health regeneration.
 T - a +1 hat (worn)
Jewellery
 a - a ring of protection from fire
 p - a ring of poison resistance
 s - a +6 ring of dexterity
 F - a +5 ring of evasion
 G - a ring of magical power
 J - a ring of see invisible
 O - an amulet of faith (around neck)
 Q - a +6 ring of strength (right hand)
 W - a ring of willpower (left hand)
Wands
 E - a wand of polymorph (12)
 H - a wand of charming (12)
 L - a wand of mindburst (54)
 P - a wand of digging (14)
 S - a wand of light (2)
 X - a wand of iceblast (33)
 Z - a wand of flame (46)
Scrolls
 h - 2 scrolls of immolation
 k - 4 scrolls of revelation
 l - 3 scrolls of noise
 o - 4 scrolls of poison
 q - 14 scrolls of teleportation
 y - 3 scrolls of fog
 I - a scroll of brand weapon {unknown}
 K - 2 scrolls of blinking
 M - a scroll of torment {unknown}
 R - 7 scrolls of fear
 V - 6 scrolls of vulnerability
 Y - a scroll of silence {unknown}
Potions
 d - 8 potions of curing
 e - 3 potions of attraction
 j - 3 potions of lignification
 m - 5 potions of might
 t - a potion of invisibility
 u - 3 potions of ambrosia
 v - 4 potions of degeneration
 x - 3 potions of cancellation
 z - a potion of mutation
 B - a potion of resistance {unknown}
 D - 2 potions of heal wounds
 N - a potion of magic {unknown}
 U - 2 potions of haste {unknown}


   Skills:
 + Level 17.7 Fighting
 - Level 18.0 Axes
 - Level 7.0 Armour
 - Level 7.0 Dodging
 - Level 23.0 Shields
 - Level 12.0 Evocations


You had 16 spell levels left.
You didn't know any spells.
Your spell library was empty.

Dungeon Overview and Level Annotations

Branches:
Dungeon (15/15)            Temple (0/1) D:4            Lair (5/5) D:8
  Swamp (4/4) Lair:3       Spider (1/4) Lair:3        Slime (0/5) Lair:4
    Orc (2/2) D:11            Elf (0/3) Orc:2        Vaults (0/5) D:14
 Depths (0/4) D:15          IceCv (visited)

Altars:
Cheibriados
Dithmenos
Elyvilon
Fedhas
Gozag
Hepliaklqana
Kikubaaqudgha
Makhleb
Okawaru
Qazlal
Trog
Vehumet
Wu Jian
Xom
Yredelemnul
Zin
The Shining One
Jiyva

Shops:
Orc:1 :   Orc:2 (**:

Annotations:
D:6 exclusions: door and 1 more exclusion
D:8 exclusion: moth of wrath
Lair:1 exclusion: oklob plant
Lair:5 exclusion: 5 doors


Innate Abilities, Weirdness & Mutations

You have a pair of horns on your head.
You reflexively headbutt those who attack you in melee.
Your muscles are strong. (Str +4, Int/Dex -1)


Message History

The wolf spider closely misses you. The tarantella closely misses you.
The moth of wrath bites you but does no damage.
You slice the tarantella!! You burn the tarantella!
Your headbutt misses the tarantella.
The tarantella is almost dead.
You slice the jorogumo!! You burn the jorogumo! You miss the wolf spider.
You miss the moth of wrath. The wolf spider barely misses you.
The wolf spider bites you! The jorogumo casts a spell at you.
The bolt of negative energy hits you!!
You feel drained.
* * * LOW HITPOINT WARNING * * *
The tarantella touches you!
* * * LOW HITPOINT WARNING * * *
You barely miss the jorogumo. Your headbutt misses the jorogumo.
The jorogumo is severely wounded.
You slash the wolf spider! You burn the wolf spider.
You slice the moth of wrath!! You burn the moth of wrath.
You slash the tarantella! You burn the tarantella.
You kill the tarantella!
Trog accepts your kill.
The wolf spider hits you but does no damage.
The wolf spider bites you but does no damage.
The moth of wrath bites you!
* * * LOW HITPOINT WARNING * * *
The jorogumo casts a spell at you.
The stream of webbing hits you but does no damage.
You are caught in a web!
You are no longer berserk.
You are exhausted.
You feel yourself slow down. The wolf spider barely misses you.
The wolf spider bites you but does no damage.
The wolf spider hits you!!
* * * LOW HITPOINT WARNING * * *
The wolf spider bites you.
* * * LOW HITPOINT WARNING * * *
The moth of wrath barely misses you. The jorogumo closely misses you.
Okay, then.
You are too confused!
You feel better. The wolf spider hits you!!
You die...

.##..# ##.##.....................
.....###....#....................
#..####.....#######.......<......
#### #.....# #...............
#....^### #...............
###.#...## #...............
#######..#^....####..............
#.##....#.#....H†##..............
(......#.......s@#...............
#.PP....#.#....y###..............
########.#.##..## #)###..#..^....
###....### ##.÷########.... ###
#.....## ##..## #..>.. #.###
#.....# #....# #.....
##..###.....# ##..## ##....
.....##....## #.#.#########....
#.P.#####†.### ##....##.#.#.....


You could see a jorogumo, a wolf spider (berserk) and a moth of wrath.

Vanquished Creatures
  Nikola (Swamp:2)
  Frances (D:12)
  Gastronok (Lair:1)
  Donald (Orc:2)
  Kirke (D:13)
  A thorn hunter (Swamp:1)
  Aizul (Swamp:4)
  5 fenstrider witches
  3 ghouls
  Louise (Swamp:2)
  A reaper (IceCv)
  7 eleionomae
  The ghost of Zoekh the Fighter, a journeyman DsCK of Xom (Lair:4)
  6 bunyips
  The ghost of IdlyInterested the Fighter, a journeyman DsGl (D:13)
  A blizzard demon (Swamp:4)
  The ghost of Jeek the Protected, a journeyman GnBe of Trog (Lair:2)
  An ettin (D:15)
  3 shambling mangroves (Swamp:4)
  A green death (Swamp:4)
  4 vault guards (D:14)
  3 ghost crabs
  7 ogre magi
  14 hydras
  4 centaur warriors
  A radroach (Lair:3)
  5 alligators
  23 two-headed ogres
  5 boulder beetles
  4 death yaks
  3 tengu warriors
  2 soul eaters (Swamp:4)
  An orc high priest (Orc:1)
  A fire crab (shapeshifter) (D:15)
  A sixfirhy (Swamp:4)
  6 skeletal warriors
  4 goliath frogs
  A swamp dragon (shapeshifter) (D:15)
  A death drake (shapeshifter) (D:13)
  7 bog bodies
  7 swamp dragons
  8 spriggan druids
  7 wizards
  5 orc sorcerers
  7 ugly things
  2 necromancers (D:15)
  A wolf spider (Lair:3)
  A deep elf zephyrmancer (Swamp:4)
  2 deep elf pyromancers
  2 manticores
  3 spectral centaurs (D:13)
  21 elephants
  6 will-o-the-wisps
  Maurice (D:13)
  4 centaur zombies (D:13)
  5 cyclopes
  Joseph (Lair:1)
  A black mamba (shapeshifter) (D:14)
  5 black mambas
  2 ice statues (IceCv)
  An orange demon (Swamp:4)
  A gargoyle (D:11)
  A torpor snail (Lair:3)
  14 cane toads
  Maggie (D:6)
  8 komodo dragons
  2 kobold demonologists (D:10)
  A yaktaur (shapeshifter) (D:14)
  3 rime drakes
  4 ice devils (IceCv)
  A tengu conjurer (D:14)
  An anaconda simulacrum (IceCv)
  An efreet (D:14)
  7 trolls
  15 hornets
  A polar bear (Lair:2)
  2 tarantellas
  Grinder (D:6)
  7 tyrant leeches
  3 hellwings (Swamp:4)
  15 blink frogs
  A spectral elephant (Lair:5)
  6 slime creatures
  A centaur simulacrum (D:13)
  A water elemental (D:15)
  6 culicivoras (Lair:3)
  2 wyverns
  2 wraiths
  10 spriggans
  3 shadows
  A vampire (D:11)
  36 yaks
  2 hogs (D:13)
  A neqoxec (Swamp:4)
  A dire elephant simulacrum (IceCv)
  14 vampire mosquitoes
  8 basilisks
  A chaos spawn (Swamp:4)
  A human (Swamp:2)
  A redback (Lair:3)
  2 golden eyes (shapeshifter)
  2 death yak simulacra
  3 steam dragons
  Edmund (D:6)
  16 swamp worms
  7 wargs
  4 harpy simulacra (IceCv)
  An acid dragon (D:10)
  4 hydra simulacra (IceCv)
  Duvessa (D:5)
  10 water moccasins
  An ice beast (D:5)
  13 orc warriors
  3 swamp drakes
  2 sky beasts
  2 black bears
  41 ogres
  13 wolves
  20 centaurs
  The ghost of SirDiesAlot the Insei, an amateur OpSh of Okawaru (D:3)
  5 kobold brigands
  2 necrophages (Swamp:4)
  4 scorpions
  9 bullfrogs
  2 gnoll sergeants
  A hornet simulacrum (D:13)
  7 wights
  3 killer bees (D:9)
  Dowan (D:5)
  2 elephant simulacra (IceCv)
  5 howler monkeys
  An electric eel (Lair:3)
  3 hounds
  6 jellies
  24 orc priests
  A gnoll bouda (D:6)
  5 iguanas
  2 sleepcaps (D:6)
  22 orc wizards
  20 gnolls
  7 adders
  A naga simulacrum (IceCv)
  16 white imps
  2 ufetubi
  5 worms
  74 orcs
  6 ball pythons
  7 endoplasms
  4 giant cockroaches
  16 goblins
  8 hobgoblins
  4 jackals
  9 quokkas
  4 bats
  3 frilled lizards
  16 kobolds
  6 rats
875 creatures vanquished.

Vanquished Creatures (collateral kills)
  A fenstrider witch (Swamp:2)
  Sonja (D:13)
2 creatures vanquished.

Vanquished Creatures (others)
  A fenstrider witch (Swamp:4)
  A hydra (Swamp:4)
  An ugly thing (D:14)
  A bloated husk (Swamp:4)
  An orc (D:5)
  22 foxfires
27 creatures vanquished.

Grand Total: 904 creatures vanquished

Notes
Turn   | Place    | Note
-------+----------+-------------------------------------------
     0 | D:1      | Joey1 the Minotaur Berserker began the quest for the Orb.
     0 | D:1      | Reached XP level 1. HP: 19/19 MP: 0/0
     8 | D:1      | You fall into a shaft and drop 1 floor!
   142 | D:1      | Reached XP level 2. HP: 27/27 MP: 1/1
   329 | D:1      | Reached ** piety under Trog
   430 | D:1      | Reached XP level 3. HP: 33/33 MP: 2/2
  1413 | D:2      | Found a faded altar of an unknown god.
  1545 | D:3      | Reached XP level 4. HP: 40/40 MP: 3/3
  1584 | D:3      | Found a radiant altar of Vehumet.
  1716 | D:3      | Reached skill level 5 in Axes
  1722 | D:3      | Reached XP level 5. HP: 33/47 MP: 4/4
  1810 | D:3      | Found an iron altar of Okawaru.
  1883 | D:3      | Found a runed translucent door.
  1886 | D:3      | Noticed SirDiesAlot's ghost (amateur OpSh)
  2221 | D:3      | Killed SirDiesAlot's ghost
  2222 | D:3      | Reached skill level 5 in Fighting
  2222 | D:3      | Reached XP level 6. HP: 56/56 MP: 5/5
  2489 | D:4      | Found a staircase to the Ecumenical Temple.
  2496 | D:4      | Reached *** piety under Trog
  2680 | D:4      | Found the +6 shillelagh "Devastator" {shatter}
  2687 | D:4      | Reached XP level 7. HP: 60/61 MP: 6/6
  2994 | D:4      | Identified the +6 scale mail "Oseequn" {Regen+}
  3162 | D:5      | Entered Level 5 of the Dungeon
  3201 | D:5      | Reached skill level 5 in Dodging
  3457 | D:5      | Noticed Duvessa
  3458 | D:5      | Noticed Dowan
  3472 | D:5      | Killed Duvessa
  3473 | D:5      | Reached skill level 10 in Axes
  3473 | D:5      | Reached XP level 8. HP: 64/68 MP: 5/7
  3518 | D:5      | Killed Dowan
  3518 | D:5      | Reached **** piety under Trog
  4135 | D:6      | Noticed Maggie
  4151 | D:6      | Killed Maggie
  4195 | D:6      | Found a white marble altar of Elyvilon.
  4197 | D:6      | Found a glowing silver altar of Zin.
  4203 | D:6      | Found a glowing golden altar of the Shining One.
  4229 | D:6      | Found a shimmering altar of Xom.
  4229 | D:6      | Found a basalt altar of Yredelemnul.
  4248 | D:6      | Noticed Edmund
  4409 | D:6      | Noticed a boulder beetle
  4418 | D:6      | Reached XP level 9. HP: 74/74 MP: 8/8
  4422 | D:6      | Noticed a troll
  4427 | D:6      | Killed a troll
  4546 | D:6      | Killed Edmund
  4598 | D:6      | Found a shadowy altar of Dithmenos.
  4943 | D:6      | Noticed Grinder
  4966 | D:6      | Killed Grinder
  4969 | D:6      | Found an opulent altar of Gozag.
  5910 | D:8      | Noticed a moth of wrath
  5989 | D:8      | Found a bloodstained altar of Trog.
  6039 | D:8      | Found a staircase to the Lair.
  6043 | D:8      | Reached skill level 15 in Axes
  6044 | D:8      | Reached XP level 10. HP: 72/86 MP: 6/9
  6644 | D:8      | Found an ornate altar of the Wu Jian Council.
  6702 | D:8      | Found a snail-covered altar of Cheibriados.
  6784 | Lair:1   | Entered Level 1 of the Lair of Beasts
  6841 | Lair:1   | Noticed an oklob plant
  6842 | Lair:1   | Noticed an elephant
  6842 | Lair:1   | Noticed an elephant
  6844 | Lair:1   | Noticed an elephant
  6865 | Lair:1   | Killed an elephant
  6871 | Lair:1   | Killed an elephant
  6876 | Lair:1   | Killed an elephant
  6945 | Lair:1   | Noticed Gastronok
  6969 | Lair:1   | Killed Gastronok
  6970 | Lair:1   | Reached skill level 10 in Fighting
  6970 | Lair:1   | Reached XP level 11. HP: 99/99 MP: 8/10
  7012 | Lair:1   | Noticed Joseph
  7021 | Lair:1   | Killed Joseph
  7351 | Lair:1   | Reached ***** piety under Trog
  8017 | Lair:2   | Reached XP level 12. HP: 117/117 MP: 11/11
  8235 | Lair:2   | Found a runed translucent gate.
  8236 | Lair:2   | Found a runed translucent gate.
  8236 | Lair:2   | Found a runed translucent gate.
  8236 | Lair:2   | Noticed a death yak
  8240 | Lair:2   | Noticed Jeek's ghost (journeyman GnBe)
  8691 | Lair:3   | Reached skill level 15 in Fighting
  8763 | Lair:3   | Reached skill level 1 in Evocations
  8814 | Lair:3   | Found a hole to the Spider Nest.
  9021 | Lair:3   | Received a gift from Trog
  9480 | Lair:3   | Found a staircase to the Swamp.
  9497 | Lair:3   | Reached skill level 5 in Armour
  9709 | Lair:4   | Noticed a four-headed hydra
  9715 | Lair:4   | Killed a four-headed hydra
  9757 | Lair:4   | Reached skill level 5 in Evocations
  9946 | Lair:4   | Found a staircase to the Slime Pits.
  9949 | Lair:4   | Found a viscous altar of Jiyva.
 10408 | Lair:4   | Reached XP level 13. HP: 111/126 MP: 10/12
 10491 | Lair:4   | Found a runed translucent gate.
 10491 | Lair:4   | Found a runed translucent gate.
 10491 | Lair:4   | Found a runed translucent gate.
 10494 | Lair:4   | Noticed Zoekh's ghost (journeyman DsCK)
 10705 | Lair:5   | Entered Level 5 of the Lair of Beasts
 10796 | Lair:5   | Noticed a dire elephant
 10798 | Lair:5   | Noticed a dire elephant
 10928 | Lair:5   | Noticed a dire elephant
 11370 | Lair:5   | Reached skill level 10 in Evocations
 11983 | Lair:2   | Killed Jeek's ghost
 12039 | Lair:2   | Identified the +0 chain mail "Ytuwkosk" {-Tele rPois rCorr
                  | SInv}
 12224 | Lair:4   | Killed Zoekh's ghost
 12529 | D:9      | Found a hazy altar of Hepliaklqana.
 13010 | D:10     | Entered Level 10 of the Dungeon
 13057 | D:10     | Found a burning altar of Makhleb.
 13204 | D:10     | Found a stormy altar of Qazlal.
 13314 | D:10     | Reached XP level 14. HP: 133/134 MP: 13/13
 13392 | D:10     | Found an ancient bone altar of Kikubaaqudgha.
 14164 | D:11     | Received a gift from Trog
 14165 | D:11     | Found a staircase to the Orcish Mines.
 14899 | D:12     | Found a frozen archway.
 14929 | IceCv    | Entered an ice cave
 15406 | IceCv    | Received a gift from Trog
 15526 | IceCv    | Noticed a reaper
 15532 | IceCv    | Killed a reaper
 15822 | D:12     | Reached skill level 1 in Shields
 16010 | D:11     | Reached skill level 2 in Shields
 16023 | D:11     | Reached skill level 3 in Shields
 16089 | D:12     | Found a blossoming altar of Fedhas.
 16163 | D:12     | Reached skill level 4 in Shields
 16526 | D:13     | Noticed Maurice
 16538 | D:13     | Noticed Frances
 16660 | D:13     | Found a flickering gateway to a bazaar.
 16669 | D:13     | Found a runed translucent gate.
 16670 | D:13     | Found a runed translucent gate.
 16670 | D:13     | Found a runed translucent gate.
 16672 | Bazaar   | Entered a bazaar
 16676 | Bazaar   | Found Irchylois's General Store.
 16698 | Bazaar   | Found Fafoih's Weapon Emporium.
 16719 | Bazaar   | Found Nunkasec's Book Boutique.
 16739 | Bazaar   | Found Pela's Antique Armour Shoppe.
 16811 | Bazaar   | Bought a potion of ambrosia for 120 gold pieces
 16852 | Orc:1    | Entered Level 1 of the Orcish Mines
 16876 | Orc:1    | Reached skill level 5 in Shields
 16906 | Orc:1    | Reached skill level 6 in Shields
 16914 | Orc:1    | Received a gift from Trog
 16915 | Orc:1    | Reached skill level 7 in Shields
 17141 | Orc:1    | Reached skill level 8 in Shields
 17279 | Orc:1    | Found Moviham's Book Emporium.
 17351 | Orc:2    | Entered Level 2 of the Orcish Mines
 17380 | Orc:2    | Found a staircase to the Elven Halls.
 17388 | Orc:2    | Noticed Donald
 17405 | Orc:2    | Killed Donald
 17515 | Orc:2    | Found Muriqyo's General Store.
 17515 | Orc:2    | Found Geevveykh's Antique Weapon Boutique.
 17516 | Orc:2    | Found Sill's Book Shop.
 17516 | Orc:2    | Found Teumeyzuu's General Store.
 17539 | Orc:2    | Reached skill level 9 in Shields
 17783 | Orc:1    | Reached skill level 10 in Shields
 17784 | Orc:1    | HP: 5/210 [two-headed ogre/+0 dire flail (10)]
 18117 | Orc:2    | Received a gift from Trog
 18118 | Orc:2    | Reached XP level 15. HP: 147/147 MP: 14/14
 18184 | Orc:2    | Reached skill level 11 in Shields
 18619 | Orc:2    | Reached skill level 12 in Shields
 18625 | Orc:2    | Bought a scroll of teleportation for 33 gold pieces
 18625 | Orc:2    | Bought a scroll of teleportation for 33 gold pieces
 18625 | Orc:2    | Bought a scroll of fear for 44 gold pieces
 18625 | Orc:2    | Bought a scroll of fear for 44 gold pieces
 18878 | D:12     | Killed Frances
 19061 | D:13     | Killed Maurice
 19180 | D:13     | Noticed IdlyInterested's ghost (journeyman DsGl)
 19236 | D:13     | Noticed Kirke
 19250 | D:13     | Killed Kirke
 19286 | D:13     | Noticed Sonja
 19305 | D:13     | Killed Sonja
 19409 | D:13     | Reached skill level 13 in Shields
 19869 | D:13     | Killed IdlyInterested's ghost
 20092 | D:14     | Found a stormy altar of Qazlal.
 20118 | D:14     | Received a gift from Trog
 20119 | D:14     | Reached skill level 14 in Shields
 20480 | D:14     | Found a gate to the Vaults.
 20564 | D:14     | Reached skill level 15 in Shields
 21201 | D:14     | Identified 2 scrolls of acquirement
 21202 | D:14     | Acquired a +0 pair of boots of flying
 21235 | D:14     | Acquired a manual of Throwing
 21722 | D:15     | Entered Level 15 of the Dungeon
 22088 | D:15     | Reached skill level 16 in Shields
 22189 | D:15     | Reached ****** piety under Trog
 22378 | D:15     | Reached skill level 17 in Shields
 22388 | D:15     | Reached XP level 16. HP: 116/155 MP: 15/15
 22498 | D:15     | Found a staircase to the Depths.
 22829 | D:15     | Found an ornate altar of the Wu Jian Council.
 23474 | Swamp:1  | Entered Level 1 of the Swamp
 23506 | Swamp:1  | Received a gift from Trog
 23874 | Swamp:1  | Reached skill level 18 in Shields
 24065 | Swamp:1  | Noticed a thorn hunter
 24082 | Swamp:1  | HP: 1/155 [eleionoma/spray of wooden splinters (11)]
 24532 | Swamp:1  | Killed a thorn hunter
 24961 | Swamp:1  | You are sucked into a shaft and drop 1 floor!
 24961 | Swamp:2  | Found a bloodstained altar of Trog.
 25157 | Swamp:2  | Reached skill level 19 in Shields
 26193 | Swamp:2  | Noticed Nikola
 26210 | Swamp:2  | Killed Nikola
 26211 | Swamp:2  | Reached skill level 20 in Shields
 26483 | Swamp:2  | Found a runed translucent door.
 26552 | Swamp:2  | Noticed Louise
 26557 | Swamp:2  | Killed Louise
 27369 | Swamp:4  | Entered Level 4 of the Swamp
 27508 | Swamp:4  | Reached skill level 21 in Shields
 28027 | Swamp:4  | Received a gift from Trog
 28075 | Swamp:4  | Reached XP level 17. HP: 146/161 MP: 16/16
 28253 | Swamp:4  | Reached skill level 22 in Shields
 28349 | Swamp:4  | Received a gift from Trog
 28676 | Swamp:4  | Got a decaying rune of Zot
 28849 | Swamp:4  | Reached skill level 23 in Shields
 29053 | Swamp:4  | Noticed Aizul
 29064 | Swamp:4  | Killed Aizul
 29554 | Swamp:4  | Gained mutation: Your body sometimes deteriorates upon
                  | taking damage. [a neqoxec]
 29695 | Spider:1 | Entered Level 1 of the Spider Nest
 29952 | Lair:3   | Lost mutation: Your body sometimes deteriorates upon taking
                  | damage. [potion of mutation]
 29952 | Lair:3   | Gained mutation: You possess an exceptional clarity of
                  | mind. [potion of mutation]
 29952 | Lair:3   | Gained mutation: You occasionally lose the ability to drink
                  | potions when taking damage. [potion of mutation]
 29953 | Lair:3   | Lost mutation: You occasionally lose the ability to drink
                  | potions when taking damage. [potion of mutation]
 29953 | Lair:3   | Lost mutation: You possess an exceptional clarity of mind.
                  | [potion of mutation]
 29953 | Lair:3   | Gained mutation: Your muscles are strong. (Str +4, Int/Dex
                  | -1) [potion of mutation]
 29964 | Lair:3   | HP: 7/156 [wolf spider[a jorogumo] (4)]
 29965 | Lair:3   | Mangled by a wolf spider

Illustrated notes

Levels and vault maps discovered:
D:1:      minmay_arrival_wavy_path, layout_loops_ring
D:2:      layout_basic, hellmonk_ecumenical_altar_inner_sanctum
D:3:      layout_basic, mainiacjoe_overflow_brackets,
          mainiacjoe_overflow_small_starburst, hellmonk_ghost_happy_afterlife
D:4:      layout_gridville, minmay_temple_entry_glass,
          dilly_guarded_unrand_devastator
D:5:      layout_basic, uniq_duvessa
D:6:      minmay_chambers_of_sixes, layout_loops_cross, good_gods_mini_temple,
          nicolae_dithmenos_shadow_blocks, lemuel_coloured_pillars_altar,
          chequers_temple_overflow_statue_of_worship, grunt_ministairs_2,
          uniq_edmund, uniq_maggie, uniq_grinder
D:7:      layout_rooms, kb_lookout_dungeons_type
D:8:      layout_loops_corners, kennysheep_little_box, slow_altar_2, tgw_trog,
          erik_lair_orcish_takeover
D:9:      layout_loops_ring, amcnicky_altar_gilded,
          amcnicky_mini_corridor_feature
D:10:     layout_loops_ring, mainiacjoe_overflow_boulevard,
          lightli_temple_of_fire, mainiacjoe_overflow_cross_hatched
D:11:     layout_basic, erik_orc_3
D:12:     layout_grid_maze, portal_ice_cave_entry_imps, fedhas_altar_3
D:13:     layout_basic, gammafunk_ghost_necromancy, serial_shops,
          bzr_entry_islet, uniq_frances, uniq_kirke, uniq_maurice, uniq_sonja
D:14:     layout_loops_ring, lightli_vaults_fourway_checkpoint,
          old_standard_altar, minmay_misc_feat_ornament
D:15:     hangedman_depths_entry_civil_slaughter, layout_irregular_city,
          minmay_crystal_water, pdpol_wu_jian_five_deadly_venoms
Lair:1:   layout_chaotic_city, uniq_joseph, uniq_gastronok
Lair:2:   layout_loops_ring, gammafunk_ghost_split, minivault_25
Lair:3:   layout_small_grid, nicolae_swamp_entry_splash_gauntlet,
          hellmonk_spider_entry_life_and_decay,
          grunt_forest_small_clearing_treed
Lair:4:   layout_cave_pods, nicolae_slime_entry_field_trip,
          gammafunk_ghost_hydra_chop
Lair:5:   due_jungle_book, layout_loops_ring, lemuel_fruit_tree
Swamp:1:  layout_falls_marsh, hangedman_swamp_blocks
Swamp:2:  layout_falls_marsh, lemuel_altar_in_water2, swamp_pool4,
          nzn_swamp_weyward_sisters, uniq_louise, uniq_nikola
Swamp:3:  layout_basic_swamp, evilmike_swamp_ruin_house_4,
          infiniplex_staircase_pool_2
Swamp:4:  nzn_swamp_witches_coven, layout_basic_swamp,
          nicolae_swamp_well_well_well, uniq_aizul
Spider:1: layout_spider_delve, hangedman_spider_mandibles, guppyfry_hornet_nest
Orc:1:    layout_diamond_mine, serial_shops, shop, minmay_orc_temple_c
Orc:2:    st_orc_ogre_mass, layout_diamond_mine, uniq_donald

Skill      XL: |  1  2  3  4  5  6  7  8  9 10 11 12 13 14 15 16 17 |
---------------+----------------------------------------------------+-----
Axes           | 4 5 6 7 10 12 15 17 18 | 18.0
Fighting       | 4 5 7 10 14 15 17 | 17.7
Armour         | 3 6 7 |  7.0
Dodging        | 3 4 5 7 |  7.0
Evocations     | 6 12 | 12.0
Shields        | 10 17 21 23 | 23.0

Action                     |  1- 3 |  4- 6 |  7- 9 | 10-12 | 13-15 | 16-18 || total
---------------------------+-------+-------+-------+-------+-------+-------++-------
  Melee: Hand axe          |    91 |    95 |   343 |       |       |       ||   529
         Headbutt          |    12 |    13 |    83 |    85 |   325 |   161 ||   679
         Punch             |       |     1 |     5 |     9 |    15 |       ||    30
         War axe           |       |       |    25 |       |       |       ||    25
         Broad axe         |       |       |     3 |   419 |  1239 |   628 ||  2289
         Shillelagh        |       |       |       |     2 |    25 |     4 ||    31
 Invoke: Berserk           |       |     2 |       |     1 |     7 |     3 ||    13
         Trog's Hand       |       |     1 |     1 |     4 |     8 |       ||    14
         Brothers in Arms  |       |       |     1 |       |     1 |     2 ||     4
  Evoke: Wand              |       |       |       |       |     1 |     2 ||     3
    Use: Scroll            |       |       |    10 |     5 |    10 |     7 ||    32
         Potion            |       |       |       |       |     3 |     7 ||    10
   Stab: Invisible         |       |       |       |       |     3 |     1 ||     4
         Distracted        |       |       |       |       |       |     2 ||     2
         Confused          |       |       |       |       |       |     3 ||     3
 Armour: Animal skin       |     9 |       |       |       |       |       ||     9
         Chain mail        |    39 |    69 |     5 |       |       |       ||   113
         Skin              |     3 |       |       |       |       |       ||     3
         Scale mail        |       |       |   189 |   278 |   474 |       ||   941
         Plate armour      |       |       |       |       |   282 |   384 ||   666
  Dodge: Dodged            |    41 |    39 |   227 |   309 |   548 |   116 ||  1280
  Block: Tower shield      |       |       |       |       |   472 |   462 ||   934

Table legend: (Time is in decaauts)
 A = Elapsed time spent in this place.
 B = Non-inter-level travel time spent in this place.
 C = Inter-level travel time spent in this place.
 D = Time resting spent in this place.
 E = Time spent auto-exploring this place.
 F = Levels seen in this place.
 G = Mean time per level.
                   A        B        C        D        E       F      G
               +--------+--------+--------+--------+--------+-----+--------+
         Total |  29495 |  27726 |   1769 |   4907 |  16857 |  29 | 1017.1 |
       Dungeon |  14862 |  13823 |   1039 |   1205 |   9728 |  15 |  990.8 |
          Lair |   6215 |   5759 |    456 |   1074 |   3589 |   5 | 1243.0 |
         Swamp |   5631 |   5462 |    169 |   1629 |   2855 |   4 | 1407.8 |
   Spider Nest |     10 |     10 |      0 |      0 |      0 |   1 |   10.0 |
  Orcish Mines |   1894 |   1791 |    103 |    751 |    569 |   2 |  947.0 |
        Bazaar |    151 |    151 |      0 |      0 |     76 |   1 |  151.0 |
      Ice Cave |    729 |    729 |      0 |    247 |     40 |   1 |  729.0 |
               +--------+--------+--------+--------+--------+-----+--------+

Top non-repeatable levels by time:
  Lair:3: 1888 daAuts
 Swamp:4: 1606 daAuts
    D:14: 1555 daAuts
 Swamp:2: 1489 daAuts
    D:15: 1359 daAuts
 Swamp:3: 1294 daAuts
    D:13: 1245 daAuts
 Swamp:1: 1242 daAuts
  Lair:4: 1228 daAuts
    D:11: 1225 daAuts
    D:12: 1136 daAuts
     D:8: 1130 daAuts
  Lair:5: 1071 daAuts
  Lair:2: 1062 daAuts
   Orc:1: 1032 daAuts
